 Dungeon Sprint DCSS version 0.32-a0-128-g77eb882913 (webtiles) character file.

Game seed: 11786230634688695662

25 rocky1 the Ruffian (level 2, -4/31 HPs)
             Began as a Troll Monk on Feb 8, 2024.
             Slain by an ogre
             ... wielding a +0 giant club
              (19 damage)
             ... in the Dungeon (Sprint I: "Red Sonja").
             The game lasted 00:00:16 (551 turns).

rocky1 the Ruffian (Troll Monk)                      Turns: 551, Time: 00:00:17

Health: -4/31      AC:  4    Str: 18    XL:     2   Next: 82%
Magic:  1/1        EV: 10    Int:  6    God:
Gold:   0          SH:  0    Dex: 12    Spells: 1/1 levels left

rFire   . .          .
                       - Unarmed
rCold   . . .        c - orb {light}
rNeg    . . .        a - +0 robe
rPois   .            (helmet restricted)
rElec   .            (no cloak)
rCorr   .            (gloves unavailable)
SInv    .            (boots unavailable)
Will    .....        (no amulet)
Stlth   +            (no ring)
HPRegen 1.05/turn    (no ring)
MPRegen 0.07/turn

%: no teleportation
@: glowing
A: large, unfitting armour, claws 3, regeneration 1, shaggy fur 1, tough skin 1
a: no special abilities


You were in the Dungeon.
You visited 1 branch

Inventory:

Armour
 a - a +0 robe (worn)
 c - an orb of light (worn)
Wands
 j - a wand of flame (15)
Scrolls
 i - a scroll of blinking
Potions
 b - a potion of ambrosia
 d - a potion of curing
 e - a potion of heal wounds
 f - a potion of haste
 g - 2 potions of magic
 h - a potion of berserk rage


   Skills:
 + Level 3.5 Fighting
 + Level 3.7 Dodging
 + Level 4.4 Unarmed Combat


You had one spell level left.
You didn't know any spells.
Your spell library was empty.

Dungeon Overview and Level Annotations

Branches:
Dungeon (1/1)

Altars:


Innate Abilities, Weirdness & Mutations

You are too large for most types of armour.
You have claws for hands.
Your natural rate of healing is unusually fast.
You are covered in fur. (AC +1)
You have tough skin. (AC +1)


Message History

You kill Ijyb!
Your Fighting skill increases to level 3!
Your Dodging skill increases to level 3!
Your Unarmed Combat skill increases to level 4!
You have reached level 2!
You start resting.
HP restored.
You start waiting.
Done waiting.
You start waiting.
Done waiting.
You start waiting.
Done waiting.
You start waiting.
Done waiting.
You start waiting.
Done waiting.
j - a wand of flame (15)
Things that are here:
a +0 dagger; a +0 leather armour You open the door.
An ogre comes into view. It is wielding a +0 giant club.
The ogre shouts!
The ogre hits you with a +0 giant club!!
Ouch! That really hurt!
There is an open door, spattered with blood here.
You scratch the ogre but do no damage. You scratch the ogre.
The ogre is lightly wounded.
The ogre misses you.
You completely miss the ogre.
The ogre is lightly wounded.
The ogre misses you.
You claw the ogre!
The ogre is moderately wounded.
You barely miss the ogre.
The ogre is moderately wounded.
The ogre hits you with a +0 giant club!!
Ouch! That really hurt!
You die...

##########
#<.#.)@O.#
#..'..#..+
#..#####+#
#..# #..#
#..# #⌠⌠#
####


You could see an ogre.

Vanquished Creatures
  Ijyb (D)
1 creature vanquished.

Notes
Turn   | Place    | Note
-------+----------+-------------------------------------------
     0 | D        | rocky1 the Troll Monk began the quest for the Orb.
     0 | D        | Reached XP level 1. HP: 22/22 MP: 0/0
     2 | D        | Noticed Ijyb
    14 | D        | HP: 1/22 [Ijyb/puff of flame (2)]
    15 | D        | Killed Ijyb
    16 | D        | Reached skill level 4 in Unarmed Combat
    16 | D        | Reached XP level 2. HP: 4/31 MP: 1/1
   545 | D        | Noticed an ogre
   551 | D        | Slain by an ogre

Illustrated notes

Levels and vault maps discovered:
D:        dungeon_sprint_1 [red_sonja_temple_1, red_sonja_temple_small_1]

Skill      XL: |  1 |
---------------+----+-----
Fighting       | 3 |  3.5
Dodging        | 3 |  3.7
Unarmed Combat | 4 |  4.4

Action                     || total
---------------------------++-------
  Melee: Unarmed           ||    16
 Armour: Robe              ||    11
  Dodge: Dodged            ||     5

Table legend: (Time is in decaauts)
 A = Elapsed time spent in this place.
 B = Non-inter-level travel time spent in this place.
 C = Inter-level travel time spent in this place.
 D = Time resting spent in this place.
 E = Time spent auto-exploring this place.
 F = Levels seen in this place.
 G = Mean time per level.
                   A        B        C        D        E       F      G
               +--------+--------+--------+--------+--------+-----+--------+
         Total |    550 |    550 |      0 |    526 |      0 |   1 |  550.0 |
       Dungeon |    550 |    550 |      0 |    526 |      0 |   1 |  550.0 |
               +--------+--------+--------+--------+--------+-----+--------+

Top non-repeatable levels by time:
       D: 550 daAuts
